 Dungeon Crawl Stone Soup version 0.20-a0-520-g72a7070 (console) character file.

37487 Dingbat the Cleaver (level 13, -3/116 HPs)
             Began as a Minotaur Skald on Jan 23, 2017.
             Was a Believer of Ieoh Jian.
             Killed from afar by a manticore (8 damage)
             ... with a volley of spikes
             ... on level 14 of the Dungeon.
             The game lasted 01:24:29 (24203 turns).

Dingbat the Cleaver (Minotaur Skald)               Turns: 24203, Time: 01:24:29

Health: -3/116     AC: 11    Str: 20    XL:     13   Next: 58%
Magic:  5/19       EV: 23    Int: 14    God:    Ieoh Jian [**....]
Gold:   1943       SH:  0    Dex: 14    Spells: 1/22 levels left

rFire    . . .     SeeInvis .   a - +4 long sword (freeze)
rCold    . . .     Gourm    .   H - +0 leather armour
rNeg     . . .     Faith    +   (no shield)
rPois    +         Spirit   .   (helmet restricted)
rElec    +         Reflect  .   l - +2 cloak
rCorr    .         Harm     .   w - +0 pair of gloves {Dex+3}
MR       +....                  P - +0 pair of boots
Stlth    +.........             R - amulet of faith
Regen    0.3/turn               v - +6 ring of evasion
                                Z - ring "Naecvez" {rElec rPois MR+ EV+5 Str+4}

@: lethally poisoned (-3 -> -12), about to teleport, barbed spikes
A: retaliatory headbutt, horns 2, icy blue scales 1
a: Renounce Religion


You were on level 14 of the Dungeon.
You worshipped Ieoh Jian.
Ieoh Jian was pleased with you.
You were hungry.

You visited 5 branches of the dungeon, and saw 21 of its levels.
You also visited: Trove.

You collected 1973 gold pieces.
You spent 30 gold pieces at shops.

Inventory:

Hand Weapons
 a - a +4 long sword of freezing (weapon)
 b - a +0 blowgun
 d - a +0 demon trident of draining
 F - the +5 executioner's axe of the Penguin {venom, Dex+3}
   (You found it in a treasure trove)

   It poisons the flesh of those it strikes.
   It affects your dexterity (+3).
Missiles
 e - 73 poisoned needles
 p - 9 curare-tipped needles
 C - 11 tomahawks (quivered)
 V - 3 throwing nets
Armour
 l - a +2 cloak (worn)
 w - a +0 pair of gloves of dexterity (worn)
 H - a +0 leather armour (worn)
 P - a +0 pair of boots (worn)
Jewellery
 i - a +4 amulet of reflection
 o - a +3 ring of protection
 t - an uncursed ring of magical power
 v - a +6 ring of evasion (right hand)
 M - an uncursed ring of ice
 R - an amulet of faith (around neck)
 Y - an uncursed ring of resist corrosion
 Z - the ring "Naecvez" (left hand) {rElec rPois MR+ EV+5 Str+4}
   (You found it in a treasure trove)

   [ring of evasion]

   It affects your evasion (+5).
   It affects your strength (+4).
   It insulates you from electricity.
   It protects you from poison.
   It affects your resistance to hostile enchantments.
Wands
 h - a wand of confusion (19/48)
 r - a wand of enslavement (18/24)
 G - a wand of flame (39/48)
 X - a wand of random effects (32/48)
Scrolls
 j - 2 scrolls of enchant armour
 m - a scroll of identify
 y - 4 scrolls of remove curse
 z - 5 scrolls of amnesia
 L - a scroll of magic mapping
 T - a scroll of recharging
 U - 3 scrolls of silence
Potions
 f - a potion of lignification
 n - 5 potions of mutation
 q - a potion of resistance
 s - 5 potions of flight
 x - a potion of might
 A - 3 potions of ambrosia
 E - 2 potions of degeneration
 N - a potion of berserk rage
 Q - 3 potions of curing
 S - a potion of invisibility
 W - a potion of brilliance
Books
 c - a book of Battle

   Spells                             Type                      Level
   a - Infusion                       Charms                       1
   b - Shroud of Golubria             Charms/Translocation         2
   c - Song of Slaying                Charms                       2
   d - Spectral Weapon                Hexes/Charms                 3
   e - Regeneration                   Charms/Necromancy            3
 k - a book of Flames

   Spells                             Type                      Level
   a - Flame Tongue                   Conjuration/Fire             1
   b - Throw Flame                    Conjuration/Fire             2
   c - Conjure Flame                  Conjuration/Fire             3
   d - Inner Flame                    Hexes/Fire                   3
   e - Sticky Flame                   Conjuration/Fire             4
   f - Fireball                       Conjuration/Fire             5
 K - a book of Callings

   Spells                             Type                      Level
   a - Summon Small Mammal            Summoning                    1
   b - Call Imp                       Summoning                    2
   c - Call Canine Familiar           Summoning                    3
   d - Summon Guardian Golem          Hexes/Summoning              3
   e - Summon Lightning Spire         Summoning/Air                4
   f - Summon Ice Beast               Ice/Summoning                4
Miscellaneous
 u - a box of beasts
 I - a phial of floods (inert)
Comestibles
 g - 13 meat rations
 B - 2 beef jerkies
 D - 9 bread rations


   Skills:
 - Level 11.0 Fighting
 + Level 10.0(13.6) Long Blades
 - Level 11.1(13.7) Axes
 - Level 2.6 Throwing
 - Level 5.3 Armour
 - Level 2.1 Dodging
 - Level 5.1 Spellcasting
 - Level 4.2 Hexes
 - Level 5.3 Charms
 + Level 4.4 Summonings
 - Level 5.0 Necromancy
 - Level 4.1 Translocations
 + Level 4.4 Ice Magic
 - Level 4.0 Evocations


You had one spell level left.
You knew the following spells:

 Your Spells              Type           Power        Failure   Level  Hunger
a - Infusion              Chrm           ###.         1%          1    None
b - Song of Slaying       Chrm           ###.....     3%          2    ##.....
c - Shroud of Golubria    Chrm/Tloc      ###.......   6%          2    ##.....
d - Regeneration          Chrm/Necr      ###.......   10%         3    ###....
e - Spectral Weapon       Hex/Chrm       ###.....     10%         3    ###....
f - Call Canine Familiar  Summ           ###.....     12%         3    ###....
g - Summon Guardian Gole  Hex/Summ       ###.....     12%         3    ###....
h - Summon Ice Beast      Ice/Summ       ###.....     34%         4    ####...


Dungeon Overview and Level Annotations

Branches:
Dungeon (14/15)            Temple (1/1) D:6            Lair (3/6) D:10
  Snake (1/4) Lair:2          Orc (2/2) D:10
  Swamp: Lair:2-4    Shoals: Lair:2-4       Elf: Orc:2       Vaults: D:13-14

Altars:
Ashenzari
Cheibriados
Dithmenos
Elyvilon
Fedhas
Gozag
Hepliaklqana Ieoh Jian
Kikubaaqudgha
Makhleb
Nemelex Xobeh
Okawaru
Qazlal
Ru
Sif Muna
Trog
Uskayaw
Vehumet
Xom
Yredelemnul
Zin
The Shining One
Beogh

Shops:
D:11 ?

Annotations:
D:1 exclusion: 2 downstairs
D:2 exclusion: downstairs
D:3 exclusion: downstairs
D:4 exclusion: 2 downstairs
D:5 exclusion: downstairs, Pikel
D:6 exclusion: 2 downstairs
D:7 exclusion: downstairs
D:8 exclusion: downstairs
D:9 exclusion: 2 downstairs
D:10 exclusion: 2 downstairs
D:11 exclusion: downstairs
D:12 exclusion: 2 downstairs
D:13 exclusion: 2 downstairs
Lair:1 exclusion: door
Lair:2 exclusions: 3 downstairs and oklob plant
Orc:1 exclusion: downstairs


Innate Abilities, Weirdness & Mutations

You reflexively headbutt those who attack you in melee.
You have a pair of horns on your head.
You are partially covered in icy blue scales. (AC +2)


Message History

The water moccasin is heavily wounded.
The manticore flicks its tail.
The volley of spikes hits you!
The barbed spikes become lodged in your body.
* * * LOW HITPOINT WARNING * * *
As you read the scroll of teleportation, it crumbles to dust.
You feel strangely unstable. The hound closely misses you.
The water moccasin bites you.
* * * LOW HITPOINT WARNING * * *
You are lethally poisoned!
The water moccasin poisons you! The hound barely misses you.
You riposte.
You hit the hound. You freeze the hound.
You kill the hound!
The council accepts your kill. The water moccasin barely misses you.
You riposte.
You miss the water moccasin.
The water moccasin is heavily wounded.
The manticore flicks its tail.
The volley of spikes hits you!
The barbed spikes become lodged in your body.
You die...

#.# ... #.# # #.#
#. #.# ... #.#
#... ##S#######
#.... #.@.......
###...###.†#######
....?..YH...#
....Y.......#
###.#####.#.# #
#.#.%. #.##.## #?#
.. ... ...


You could see a manticore, a water moccasin and an ice beast.

Vanquished Creatures
  A fire dragon (D:13)
  2 centaur warriors
  A death knight (D:13)
  7 two-headed ogres
  Urug (Lair:2)
  2 ugly things
  3 deep elf magi
  2 manticores
  An elephant (Lair:3)
  2 cyclopes
  Joseph (D:7)
  2 black mambas
  5 spiny frogs
  A gargoyle (D:11)
  A kobold demonologist (D:11)
  2 komodo dragons
  7 trolls
  A wolf spider simulacrum (D:13)
  Grinder (D:5)
  A hornet (D:10)
  3 blink frogs (Lair:3)
  2 hippogriffs
  A centaur simulacrum (D:13)
  2 wyverns
  A shadow (D:8)
  A spriggan (D:10)
  A vampire (D:13)
  28 yaks
  4 basilisks
  A human (D:10)
  2 hungry ghosts
  A warg (Orc:1)
  4 nagas (Lair:2)
  6 water moccasins
  9 orc warriors
  3 ice beasts
  4 porcupines
  A meliai simulacrum (D:13)
  6 sky beasts
  2 slaves (D:5)
  3 black bears
  2 phantoms
  A necrophage (D:6)
  An ogre (Orc:1)
  8 wolves
  20 centaurs
  13 crocodiles
  20 bullfrogs
  6 big kobolds
  2 wyvern zombies (D:9)
  A water moccasin zombie (D:6)
  A hornet simulacrum (D:13)
  3 scorpions
  15 killer bees
  A howler monkey (D:9)
  17 wights
  9 electric eels
  A centaur zombie (D:10)
  6 crimson imps
  13 hounds
  3 jellies
  2 bullfrog zombies
  3 centaur skeletons
  12 orc priests
  11 orc wizards
  A bullfrog skeleton (D:3)
  Ijyb (D:2)
  2 hell rats
  7 iguanas
  11 worker ants
  A bullfrog simulacrum (D:13)
  A howler monkey zombie (D:11)
  Robin (D:3)
  9 gnolls
  A worker ant zombie (D:9)
  14 adders
  2 river rats
  3 shadow imps
  4 white imps (D:13)
  2 ufetubi (D:13)
  3 oozes
  An adder skeleton (D:5)
  A dart slug (D:2)
  4 leopard geckos
  60 orcs
  3 bats
  4 giant cockroaches
  14 goblins
  6 hobgoblins
  6 jackals
  7 quokkas
  6 ball pythons
  7 frilled lizards
  A jackal skeleton (D:7)
  18 kobolds
  A quokka skeleton (D:10)
  9 rats
511 creatures vanquished.

Vanquished Creatures (collateral kills)
  A blink frog (Lair:3)
  An orc warrior (Orc:1)
  An orc (Orc:1)
3 creatures vanquished.

Vanquished Creatures (others)
  A centaur skeleton (D:10)
  A spiny frog (Lair:1)
  An orc (D:9)
  4 fungi
  5 plants
  11 spectral weapons
  15 toadstools (Lair:2)
38 creatures vanquished.

Grand Total: 552 creatures vanquished

Notes
Turn   | Place    | Note
-------+----------+-------------------------------------------
     0 | D:1      | Dingbat the Minotaur Skald began the quest for the Orb.
     0 | D:1      | Reached XP level 1. HP: 18/18 MP: 1/1
   140 | D:1      | Reached XP level 2. HP: 21/25 MP: 1/3
   148 | D:1      | Learned a level 2 spell: Song of Slaying
   499 | D:2      | Reached XP level 3. HP: 27/30 MP: 0/5
   552 | D:2      | Learned a level 2 spell: Shroud of Golubria
   738 | D:2      | Found a faded altar of an unknown god.
  1670 | D:2      | Found a deep blue altar of Sif Muna.
  1758 | D:2      | Reached XP level 4. HP: 37/37 MP: 3/6
  1873 | D:2      | Noticed Ijyb
  1886 | D:2      | Killed Ijyb
  2079 | D:2      | You fall through a shaft!
  2097 | D:3      | Noticed Robin
  2116 | D:3      | Killed Robin
  2116 | D:3      | Reached XP level 5. HP: 39/42 MP: 6/8
  2126 | D:3      | Learned a level 3 spell: Regeneration
  2524 | D:3      | You fall through a shaft for 3 floors!
  2534 | D:6      | Reached skill level 5 in Axes
  2905 | D:5      | Entered Level 5 of the Dungeon
  2974 | D:5      | Noticed a centaur
  2979 | D:5      | Killed a centaur
  2979 | D:5      | Reached XP level 6. HP: 14/50 MP: 5/9
  3285 | D:5      | Noticed an ice beast
  3294 | D:5      | Killed an ice beast
  3294 | D:5      | Reached skill level 1 in Necromancy
  3294 | D:5      | Reached skill level 1 in Translocations
  3571 | D:6      | Noticed a sky beast
  3580 | D:5      | Killed a sky beast
  3580 | D:5      | Reached XP level 7. HP: 56/56 MP: 4/10
  3630 | D:5      | Learned a level 3 spell: Spectral Weapon
  3748 | D:5      | Noticed Pikel
  3998 | D:4      | Reached skill level 1 in Hexes
  4381 | D:4      | Found a hide-covered altar of Uskayaw.
  4412 | D:5      | Noticed Grinder
  4654 | D:4      | Reached XP level 8. HP: 52/62 MP: 7/11
  5329 | D:5      | Paralysed by Grinder for 2 turns
  5350 | D:5      | Killed Grinder
  6620 | D:6      | Reached XP level 9. HP: 68/68 MP: 8/12
  6755 | D:6      | Found a staircase to the Ecumenical Temple.
  6779 | Temple   | Entered the Ecumenical Temple
  6833 | Temple   | Became a worshipper of The Ieoh Jian Council
  7605 | D:6      | You fall through a shaft for 2 floors!
  7697 | D:9      | Found a sacrificial altar of Ru.
  7705 | D:10     | Entered Level 10 of the Dungeon
  7782 | D:8      | Learned a level 3 spell: Call Canine Familiar
  8025 | D:7      | Noticed Joseph
  8233 | D:7      | Killed Joseph
  8466 | D:7      | Reached skill level 10 in Axes
  9034 | D:7      | Reached * piety under Ieoh Jian
  9103 | D:8      | Reached XP level 10. HP: 61/79 MP: 8/13
  9122 | D:8      | Gained mutation: You are partially covered in icy blue scales. (AC +2) [mutagenic meat]
  9277 | D:8      | Noticed a two-headed ogre
  9595 | D:9      | Reached skill level 5 in Fighting
  9658 | D:9      | Found a burning altar of Makhleb.
  9992 | D:9      | You fall through a shaft!
 10096 | D:10     | Reached skill level 1 in Long Blades
 10115 | D:10     | Reached ** piety under Ieoh Jian
 10133 | D:10     | Reached skill level 1 in Summonings
 10158 | D:10     | Found a staircase to the Lair.
 10208 | Lair:1   | Entered Level 1 of the Lair of Beasts
 10271 | Lair:1   | Noticed a spiny frog
 10277 | Lair:1   | Noticed a spiny frog
 10287 | Lair:1   | Noticed a five-headed hydra
 10287 | Lair:1   | Killed a spiny frog
 10313 | D:10     | Noticed a death yak
 10381 | D:10     | Noticed a death yak
 10381 | D:10     | Noticed a death yak
 10711 | D:9      | Noticed a two-headed ogre
 10718 | D:9      | Killed a two-headed ogre
 10803 | D:9      | Noticed a two-headed ogre
 10827 | D:9      | Killed a two-headed ogre
 10827 | D:9      | Reached XP level 11. HP: 77/92 MP: 10/14
 11176 | D:8      | Noticed a purple ugly thing
 11204 | D:8      | Killed a purple ugly thing
 11204 | D:8      | Reached skill level 5 in Long Blades
 11261 | D:8      | Noticed a deep elf mage
 11291 | D:8      | Killed a deep elf mage
 11429 | D:8      | Reached *** piety under Ieoh Jian
 11566 | D:8      | Killed a two-headed ogre
 11595 | D:8      | Found an opulent altar of Gozag.
 11595 | D:8      | Found a faded altar of an unknown god.
 11600 | D:8      | Found a blossoming altar of Fedhas.
 11605 | D:8      | Found a faded altar of an unknown god.
 11607 | D:8      | Found a shimmering altar of Xom.
 11670 | D:9      | Noticed a two-headed ogre
 11679 | D:9      | Killed a two-headed ogre
 12281 | D:9      | Reached skill level 1 in Evocations
 13211 | D:10     | Reached **** piety under Ieoh Jian
 13382 | D:10     | Noticed a centaur warrior
 13399 | D:10     | Killed a centaur warrior
 14122 | D:10     | Paralysed by a hornet for 2 turns
 14124 | D:10     | Reached skill level 10 in Fighting
 14236 | D:10     | Learned a level 3 spell: Summon Guardian Golem
 14557 | D:11     | Noticed a centaur warrior
 14580 | D:11     | Killed a centaur warrior
 14580 | D:11     | Reached XP level 12. HP: 66/106 MP: 6/17
 14825 | D:10     | Found a staircase to the Orcish Mines.
 14831 | D:10     | Found a roughly hewn altar of Beogh.
 14873 | Orc:1    | Entered Level 1 of the Orcish Mines
 14937 | Orc:1    | Reached ***** piety under Ieoh Jian
 14983 | Orc:2    | Entered Level 2 of the Orcish Mines
 15992 | D:11     | Found Ulugheam's Magic Scroll Shop.
 16072 | D:11     | Bought a scroll of identify for 30 gold pieces
 16361 | D:12     | Reached skill level 1 in Throwing
 16383 | D:12     | Noticed a two-headed ogre
 16388 | D:12     | Killed a two-headed ogre
 16388 | D:12     | Reached skill level 5 in Charms
 16476 | D:12     | Found a portal to a secret trove of treasure.
 16630 | D:12     | Reached skill level 5 in Spellcasting
 16681 | D:12     | Noticed a death knight
 16794 | Lair:1   | HP: 4/110 [ten-headed hydra (5)]
 17221 | Lair:1   | Learned a level 4 spell: Summon Ice Beast
 17532 | Lair:2   | Reached skill level 1 in Ice Magic
 18305 | Lair:2   | Found a blossoming altar of Fedhas.
 18493 | Lair:3   | Reached ****** piety under Ieoh Jian
 18539 | Lair:3   | Reached XP level 13. HP: 62/116 MP: 19/19
 19108 | Lair:2   | Noticed Urug
 19462 | Lair:2   | Found a staircase to the Snake Pit.
 19511 | Snake:1  | Entered Level 1 of the Snake Pit
 19580 | Lair:2   | Reached skill level 5 in Necromancy
 19606 | Lair:2   | Killed Urug
 21148 | Lair:1   | Reached skill level 5 in Armour
 21902 | Trove    | Entered a treasure trove
 21926 | Trove    | Got a vibrating glass ring
 21928 | Trove    | Identified the ring "Voniav" {Fire rElec rPois Int-3 Slay+6} (You found it in a treasure trove)
 21933 | Trove    | Got a crude bronze ring
 21934 | Trove    | Identified the ring "Naecvez" {rElec rPois MR+ EV+5 Str+4} (You found it in a treasure trove)
 21944 | Trove    | Got a transparent silver ring
 21945 | Trove    | Identified the ring "Carim" {MR+ Stlth+} (You found it in a treasure trove)
 21949 | Trove    | Got a wavering bone ring
 21950 | Trove    | Identified the ring of the Failed Coup {rF+ rC- rN+ Dex+5 Stlth+} (You found it in a treasure trove)
 21963 | Trove    | Got a bloodstained falchion
 21964 | Trove    | Identified the +2 falchion "Otwair" {protect, Stlth+} (You found it in a treasure trove)
 21983 | Trove    | Got a scorched executioner's axe
 21984 | Trove    | Identified the +5 executioner's axe of the Penguin {venom, Dex+3} (You found it in a treasure trove)
 24163 | D:13     | Noticed a fire dragon
 24172 | D:13     | Killed a fire dragon
 24172 | D:13     | Reached skill level 10 in Long Blades
 24180 | D:13     | HP: 5/116 [centaur warrior/arrow (13)]
 24186 | D:13     | HP: 5/116 [something (6)]
 24203 | D:14     | HP: 5/116 [water moccasin (6)]
 24203 | D:14     | Killed from afar by a manticore

Vault maps used:
D:1:      doesnt_arrival_eight_statues
D:2:      old_standard_altar, chequers_ecumenical_altar_simple_redux,
          minmay_shallow_snake_nest, uniq_iyjb
D:3:      uniq_robin
D:4:      minmay_diamond_boxcup, kennysheep_mini,
          eino_small_chamber_without_monster
D:5:      first_bread, st_stairs_11, uniq_pikel, uniq_grinder
D:7:      nicolae_sextant, uniq_joseph
D:8:      hangedman_cross_veins, chequers_temple_overflow_minitemple
D:9:      nicolae_overflow_crystal_walls, basic_altar
D:10:     dpeg_lair_monsters, minmay_orc_entry_temple_small,
          hangedman_stone_soup
D:11:     serial_shops, nicolae_shop_behind_doors
D:12:     enter_trove_2
D:13:     david_vaults_4, serial_ice, serial_ice_i, serial_ice_d, serial_ice_g,
          serial_ice_b, serial_ice_e, serial_ice_f, portal_ice_cave_entry_imps,
          serial_bayou_ford_a, elyvilon_altar_5
D:14:     serial_shops, nicolae_shop_waterfront, evilmike_minifort,
          uniq_josephine
Temple:   lightli_temple_of_artemis
Lair:1:   st_stairs_8, nicolae_quartered_pool_super, pond, serial_bayou_shore_a
Lair:2:   beast_lair_carwin_large_1, minmay_snake_entry_guardpost_small,
          tgw_fedhas, uniq_urug
Lair:3:   beast_lair_carwin_large_3, st_stairs_13, grunt_megastairs_4,
          infiniplex_staircase_pool
Snake:1:  serial_shops, shop_statue, guppyfry_snake_island
Orc:1:    serial_shops, shop
Orc:2:    st_orc_rangers, serial_shops, bzr_entry_lakeside, shop
Trove:    trove_simple

Skill      XL: |  1  2  3  4  5  6  7  8  9 10 11 12 13 |
---------------+----------------------------------------+-----
Axes           | 3 4 5 6 7 8 10 11 | 11.1
Spellcasting   | 2 3 4 5 |  5.1
Necromancy     | 1 2 4 5 |  5.0
Translocations | 1 4 |  4.1
Hexes          | 1 3 4 |  4.2
Fighting       | 4 7 10 11 | 11.0
Charms         | 3 4 5 |  5.3
Long Blades    | 4 7 8 10 | 10.0
Summonings     | 2 4 |  4.4
Evocations     | 3 4 |  4.0
Throwing       | 2 |  2.6
Armour         | 4 5 |  5.3
Ice Magic      | 2 4 |  4.4
Dodging        | |  2.1

Action                   |  1- 3 |  4- 6 |  7- 9 | 10-12 | 13-15 || total
-------------------------+-------+-------+-------+-------+-------++-------
Melee: Hand axe          |    71 |   109 |   245 |       |       ||   425
       Headbutt          |     5 |    16 |    57 |   159 |    82 ||   319
       War axe           |       |       |   119 |       |       ||   119
       Long sword        |       |       |    17 |   754 |   271 ||  1042
       Demon trident     |       |       |       |       |     9 ||     9
       Executioner's axe |       |       |       |       |     2 ||     2
Throw: Throwing net      |       |     1 |     1 |       |       ||     2
       Tomahawk          |       |       |       |     1 |     4 ||     5
 Cast: Infusion          |     5 |     8 |    30 |    46 |    13 ||   102
       Song of Slaying   |       |     2 |     5 |    27 |    10 ||    44
       Shroud of Golubri |       |       |     4 |     9 |     4 ||    17
       Spectral Weapon   |       |       |       |    12 |    13 ||    25
       Regeneration      |       |       |       |    11 |     6 ||    17
       Call Canine Famil |       |       |       |     6 |     2 ||     8
       Summon Guardian G |       |       |       |     1 |     5 ||     6
Evoke: Wand              |       |     5 |     3 |     8 |       ||    16
       Phial of floods   |       |       |       |     1 |     1 ||     2
  Use: Scroll            |     3 |     5 |    12 |    19 |     7 ||    46
       Potion            |       |       |     3 |     4 |     3 ||    10
  Eat: Chunk             |     3 |     6 |    12 |    35 |    13 ||    69
       Pizza             |       |       |     2 |       |       ||     2
       Beef jerky        |       |       |     2 |       |       ||     2
       Fruit             |       |       |       |     2 |     4 ||     6
       Royal jelly       |       |       |       |     1 |       ||     1
       Bread ration      |       |       |       |       |     1 ||     1
Armor: Leather armour    |    17 |    16 |    44 |   182 |    52 ||   311
Dodge: Dodged            |    35 |    66 |   291 |   532 |   292 ||  1216
Block: Other             |     7 |    21 |    62 |       |       ||    90
       Rpst.: Long sword |       |       |     3 |   141 |    50 ||   194
